 Dungeon Crawl Stone Soup version 0.25-a0-35-g747a2b3c0c (webtiles) character file.

Game seed: 4716866641455935866, levelgen mode: deterministic

16 Esekla the Magician (level 2, -8/15 HPs)
             Began as a Deep Elf Wizard on Oct 18, 2019.
             Mangled by a gnoll
             ... wielding a +0 spear
              (9 damage)
             ... on level 1 of the Dungeon.
             The game lasted 00:06:35 (755 turns).

Esekla the Magician (Deep Elf Wizard)                Turns: 755, Time: 00:06:35

Health: -8/15      AC:  2    Str:  4    XL:     2   Next: 41%
Magic:  10/10      EV: 13    Int: 22    God:
Gold:   39         SH:  0    Dex: 13    Spells: 8/11 levels left

rFire    . . .     SeeInvis .   i - +3 dagger
rCold    . . .     Gourm    .   (no shield)
rNeg     . . .     Faith    .   a - +0 robe
rPois    .         Spirit   .   b - +0 hat
rElec    .         Reflect  .   (no cloak)
rCorr    .         Harm     .   (no gloves)
MR       .....                  (no boots)
Stlth    ++........             (no amulet)
HPRegen  0.05/turn              h - ring of flight
MPRegen  0.12/turn              (no ring)

@: no status effects
A: no striking features
a: Evoke Flight


You were on level 1 of the Dungeon.
You were not hungry.

You visited 1 branch of the dungeon, and saw 2 of its levels.

You collected 39 gold pieces.

Inventory:

Hand Weapons
 i - a +3 dagger (weapon)
Missiles
 f - 8 atropa-tipped darts (quivered)
 j - 8 silver boomerangs
Armour
 a - a +0 robe (worn)
 b - a +0 hat (worn)
 k - a +2 shield
Jewellery
 h - a ring of flight (left hand)
Scrolls
 e - 3 scrolls of remove curse {unknown}
 g - a scroll of teleportation {unknown}
 l - a scroll of immolation {unknown}
Potions
 c - a potion of degeneration {unknown}
Comestibles
 d - 4 rations


   Skills:
 + Level 2.6 Dodging
 + Level 2.4 Stealth
 + Level 5.2 Spellcasting
 * Level 1.3 Conjurations
   Level 1.1 Summonings
 * Level 1.1 Translocations


You had 8 spell levels left.
You knew the following spells:

 Your Spells              Type           Power        Failure   Level  Hunger
a - Magic Dart            Conj           ##..         5%          1    None
b - Blink                 Tloc           N/A          10%         2    None

Your spell library contained the following spells:

 Spells                   Type           Power        Failure   Level  Hunger
 Corona                   Hex            #......      10%         1    None
 Call Imp                 Summ           ##......     10%         2    None
 Ensorcelled Hibernation  Hex/Ice        #.....       16%         2    None
 Slow                     Hex            #.......     16%         2    None
 Conjure Flame            Conj/Fire      #.......     22%         3    ##.....
 Dazzling Spray           Conj/Hex       #.....       22%         3    ##.....
 Mephitic Cloud           Conj/Pois/Air  #.......     24%         3    ##.....
 Confuse                  Hex            #.......     30%         3    ##.....
 Tukima's Dance           Hex            #.......     30%         3    ##.....


Dungeon Overview and Level Annotations

Branches:
Dungeon (2/15)

Altars:


Message History

You see here 8 silver boomerangs.
j - 8 silver boomerangs
Found a runed shield.
You see here a runed shield.
k - a runed shield A gnoll comes into view.
It is wielding a +0 spear.
A hobgoblin comes into view. It is wielding a +0 club.
The hobgoblin shouts!
The gnoll shouts!
The gnoll hits you from afar with a +0 spear!
A goblin comes into view. It is wielding a -2 club.
The goblin shouts!
Found a scroll labeled OTSIADO DOUWOU.
You see here a scroll labeled OTSIADO DOUWOU.
l - a scroll labeled OTSIADO DOUWOU The gnoll hits you from afar with a +0 spear!
Ouch! That really hurt!
* * * LOW HITPOINT WARNING * * *
The gnoll hits you from afar with a +0 spear!
Ouch! That really hurt!
You die...

.#...###.#
...#####g####
##..........###
##.####..##...#
...## ##....g.#
.#..# ######.##
....# ###gg####
##..# #.......#
....## #.....@.#
.##..## #.......#
###...#############
# #.#.....#
#.#####.# ###.####
#......# .......#
.......#


You could see a gnoll, a hobgoblin and a goblin.

Vanquished Creatures
  A dart slug (D:2)
  A giant cockroach (D:1)
  2 hobgoblins (D:1)
  A jackal (D:1)
  3 bats
  2 goblins (D:1)
  3 kobolds (D:1)
  2 rats (D:1)
15 creatures vanquished.

Notes
Turn   | Place    | Note
-------+----------+-------------------------------------------
     0 | D:1      | Esekla the Deep Elf Wizard began the quest for the Orb.
     0 | D:1      | Reached XP level 1. HP: 10/10 MP: 7/7
   350 | D:2      | Reached XP level 2. HP: 5/15 MP: 0/9
   356 | D:1      | Learned a level 2 spell: Blink
   553 | D:1      | Reached skill level 5 in Spellcasting
   755 | D:1      | Mangled by a gnoll

Levels and vault maps discovered:
D:1:      kennysheep_arrival_forest, layout_rooms
D:2:      layout_basic, fedhas_altar_2, kennysheep_generic_room_14

Skill      XL: |  1  2 |
---------------+-------+-----
Spellcasting   | 5 |  5.2
Dodging        | |  2.6
Stealth        | |  2.4
Conjurations   | |  1.3
Summonings     | |  1.1
Translocations | |  1.1

Action                   || total
-------------------------++-------
 Cast: Magic Dart        ||    40
Armor: Robe              ||     2
Dodge: Dodged            ||     9

Table legend:
 A = Non-vault XP
 B = Vault XP
 C = Vault XP percentage of total XP
 D = Non-vault monster count
 E = Vault monster count
 F = Vault count percentage of total count
                 A         B        C        D         E       F
            +---------+---------+-------+---------+---------+-------
      Total |      24 |       0 |   0.0 |      15 |       0 |   0.0
            +---------+---------+-------+---------+---------+-------
        D:1 |      17 |       0 |   0.0 |      12 |       0 |   0.0
        D:2 |       7 |       0 |   0.0 |       3 |       0 |   0.0
            +---------+---------+-------+---------+---------+-------
